 Dungeon Crawl Stone Soup version 0.22.1-1-ga44c0e56f4 (webtiles) character file.

3632 klipsore the Thaumaturge (level 9, 0/50 HPs)
             Began as a Deep Elf Fire Elementalist on Sept 2, 2018.
             Was an Initiate of Vehumet.
             Slain by a seven-headed hydra (10 damage)
             ... on level 8 of the Dungeon on Sept 28, 2018.
             The game lasted 00:56:23 (9334 turns).

klipsore the Thaumaturge (DEFE)                     Turns: 9334, Time: 00:56:24

Health: 0/50       AC:  7    Str:  5    XL:     9   Next: 87%
Magic:  22/25      EV: 15    Int: 24    God:    Vehumet [......]
Gold:   354        SH:  0    Dex: 15    Spells: 19/29 levels left

rFire    . . .     SeeInvis .   g - +4 dagger
rCold    . . .     Gourm    +   (no shield)
rNeg     . . .     Faith    .   a - +0 robe
rPois    .         Spirit   .   y - +2 helmet
rElec    .         Reflect  .   J - +0 cloak
rCorr    .         Harm     .   q - +0 pair of gloves
MR       .....                  (no boots)
Stlth    ++........             h - amulet of the gourmand
HPRegen  0.16/turn              (no ring)
MPRegen  0.19/turn              (no ring)

@: very slightly contaminated
A: no striking features
a: Renounce Religion


You were on level 8 of the Dungeon.
You worshipped Vehumet.
Vehumet was noncommittal.
You were very full.

You visited 2 branches of the dungeon, and saw 9 of its levels.

You collected 354 gold pieces.

Inventory:

Hand Weapons
 g - a +4 dagger (weapon)
 E - a +1 vampiric falchion
 N - a +0 whip of flaming
 R - a +0 quick blade
Armour
 a - a +0 robe (worn)
 q - a +0 pair of gloves (worn)
 r - the +1 leather armour of Casautre {rF- rC+ Int-4 Dex+7}
   (You took it off an orc on level 6 of the Dungeon)

   It affects your intelligence (-4).
   It affects your dexterity (+7).
   It makes you vulnerable to fire.
   It protects you from cold.
 y - a +2 helmet (worn)
 A - a +0 shield
 J - a +0 cloak (worn)
 O - a +2 hat
Jewellery
 h - an amulet of the gourmand (around neck)
 z - an uncursed amulet of the acrobat
 K - an uncursed ring of positive energy {unknown}
 P - an uncursed ring of resist corrosion {unknown}
Wands
 k - a wand of digging (15)
 v - a wand of polymorph (2)
 x - a wand of iceblast (14)
 L - a wand of paralysis (18)
Scrolls
 d - 2 scrolls of teleportation
 e - 7 scrolls of identify
 l - a scroll of summoning {unknown}
 m - 3 scrolls of noise
 n - a scroll of remove curse
 u - a scroll of blinking {unknown}
 B - a scroll of immolation {unknown}
 D - 2 scrolls of amnesia
 G - a scroll of enchant weapon {unknown}
 H - a scroll of holy word {unknown}
 I - a scroll of enchant armour {unknown}
 M - a scroll of fog
Potions
 b - 3 potions of ambrosia {unknown}
 f - 2 potions of berserk rage {unknown}
 i - 4 potions of lignification
 j - 5 potions of curing
 o - 2 potions of invisibility {unknown}
 p - a potion of mutation {unknown}
 s - a potion of heal wounds {unknown}
 t - a potion of degeneration {unknown}
 w - a potion of might {unknown}
 C - 2 potions of brilliance {unknown}
 F - a potion of cancellation {unknown}
Comestibles
 c - 20 rations
 Q - 5 chunks of flesh


   Skills:
 + Level 3.1 Fighting
 + Level 0.5 Short Blades
 + Level 4.8 Dodging
 - Level 3.0 Stealth
 + Level 10.9 Spellcasting
 + Level 7.7 Conjurations
 + Level 8.7 Fire Magic


You had 19 spell levels left.
You knew the following spells:

 Your Spells              Type           Power        Failure   Level  Hunger
a - Flame Tongue          Conj/Fire      #####        1%          1    None
b - Throw Flame           Conj/Fire      ######       1%          2    None
c - Conjure Flame         Conj/Fire      ######..     1%          3    None
d - Sticky Flame          Conj/Fire      ######..     1%          4    None

Your spell library contained the following spells:

 Spells                   Type           Power        Failure   Level  Hunger
 Inner Flame              Hex/Fire       ####....     2%          3    None
 Confusing Touch          Hex            ##....       4%          1    None
 Fireball                 Conj/Fire      ######....   4%          5    ####...
 Confuse                  Hex            ##......     14%         3    None
 Gell's Gravitas          Tloc           ##........   14%         3    None
 Petrify                  Tmut/Erth      ##......     43%         4    None
 Metabolic Englaciation   Hex/Ice        ##........   80%         5    ####...
 Yara's Violent Unravell  Hex/Tmut       ##........   80%         5    ####...


Dungeon Overview and Level Annotations

Branches:
Dungeon (8/15)             Temple (1/1) D:7
   Lair: D:8-11

Altars:
Ashenzari
Cheibriados
Dithmenos
Elyvilon
Fedhas
Hepliaklqana
Kikubaaqudgha
Makhleb
Nemelex Xobeh
Okawaru
Qazlal
Ru
Sif Muna
Trog
Uskayaw
Vehumet
Wu Jian
Xom
Yredelemnul
Zin
The Shining One

Shops:
D:5 !}!*

Annotations:
D:3 3 runed doors, Anatei's ghost, amateur DEWz; Knicklaso's ghost, amateur HuFi; sunhra's ghost, amateur FoFi


Message History

Press: ? - help, Dir - move target cursor The fire ignites!
The seven-headed hydra is engulfed in blazing flames.
The seven-headed hydra is engulfed in blazing flames.
A troll comes into view.
Items here: (( ))) a giant club; an uncursed shortbow; 20 arrows; a hand axe; 4 tomahawks You see here 2 arrows.
The troll shouts!
You hear a howl! 2 howler monkeys come into view.
The howler monkey howls!
A sky beast comes into view.
The teleport trap disappears.
The howler monkey disappears!
A howler monkey comes into view.
The seven-headed hydra bites you.
* * * LOW HITPOINT WARNING * * *
The seven-headed hydra bites you.
* * * LOW HITPOINT WARNING * * *
The seven-headed hydra bites you!
You die...

##.###########.#<...>... #.#
#............### #÷#
#.###..........# #.#
####+#........h.... #.#
.......##.....h....
#.#........######......
#.#.........# #§####..
####.#.........###.##...##
#....#........@##T#.T# ### ###
##.###........D#.#.# ###T. ..
#.# #..........##.##...## ##
#.# #..........#(##.#...# #.
#.# #..........#..#..#.#.###.#
#.# ######Y#...#..#...###...##
#.# #.......#...##)#.###..#..#
#.###.......#...##.##.#.#...#.
#...'.......#...###.##...#.#..


You could see a seven-headed hydra and a sky beast (wandering).

Vanquished Creatures
  Pikel (D:7)
  Prince Ribbit (D:7)
  Sigmund (D:4)
  A vampire mosquito (D:8)
  A water moccasin (D:6)
  2 sky beasts
  2 phantoms (D:4)
  2 ice beasts (D:7)
  5 ogres
  4 centaurs
  4 bullfrogs
  A scorpion (D:4)
  5 killer bees
  2 centaur zombies
  An orc priest (D:4)
  2 hounds
  A jelly (D:8)
  A bullfrog skeleton (D:4)
  An iguana (D:4)
  4 worker ants
  Natasha (thrice) (D:2)
  2 orc wizards
  4 gnolls
  15 adders
  A shadow imp (D:5)
  An ooze (D:1)
  5 worms
  5 dart slugs
  8 leopard geckos
  17 orcs
  5 giant cockroaches
  3 hobgoblins
  8 jackals
  2 quokkas (D:4)
  A ball python (D:2)
  3 bats
  3 frilled lizards
  9 goblins
  13 kobolds
  2 quokka skeletons
  13 rats
165 creatures vanquished.

Vanquished Creatures (others)
  3 withered plants (D:3)
3 creatures vanquished.

Grand Total: 168 creatures vanquished

Notes
Turn   | Place    | Note
-------+----------+-------------------------------------------
     0 | D:1      | klipsore the Deep Elf Fire Elementalist began the quest for
                  | the Orb.
     0 | D:1      | Reached XP level 1. HP: 10/10 MP: 6/6
    60 | D:1      | Upgraded the game from 0.22.0-40-g68aacdc4c8 to
                  | 0.22.0-75-g3901e7991e
   349 | D:1      | Reached XP level 2. HP: 14/15 MP: 6/8
   638 | D:1      | Learned a level 2 spell: Throw Flame
  1176 | D:2      | Upgraded the game from 0.22.0-75-g3901e7991e to
                  | 0.22.1-1-ga44c0e56f4
  1184 | D:2      | Reached XP level 3. HP: 19/19 MP: 7/10
  1266 | D:2      | Found a deep blue altar of Sif Muna.
  1272 | D:2      | Became a worshipper of Sif Muna the Loreminder
  1504 | D:2      | Found a snail-covered altar of Cheibriados.
  1510 | D:2      | Reached skill level 4 in Spellcasting
  1569 | D:2      | Reached XP level 4. HP: 24/24 MP: 8/12
  1603 | D:2      | Learned a level 3 spell: Conjure Flame
  1796 | D:2      | Noticed Natasha
  1799 | D:2      | Killed Natasha
  1947 | D:3      | Found a basalt altar of Yredelemnul.
  2050 | D:3      | Noticed sunhra's ghost (amateur FoFi)
  2050 | D:3      | Noticed Anatei's ghost (amateur DEWz)
  2050 | D:3      | Noticed Knicklaso's ghost (amateur HuFi)
  2051 | D:3      | Found a runed gate.
  2051 | D:3      | Found a runed gate.
  2051 | D:3      | Found a runed gate.
  2176 | D:3      | Reached XP level 5. HP: 28/28 MP: 8/13
  2186 | D:3      | Found a hide-covered altar of Uskayaw.
  2187 | D:3      | Found a shattered altar of Ashenzari.
  2257 | D:3      | Found an ornate altar of the Wu Jian Council.
  2548 | D:2      | Noticed Natasha
  2553 | D:2      | Killed Natasha
  2553 | D:2      | Reached skill level 5 in Spellcasting
  2572 | D:2      | Noticed Natasha
  2576 | D:2      | Killed Natasha
  2576 | D:2      | Reached * piety under Sif Muna
  3277 | D:3      | Reached XP level 6. HP: 33/33 MP: 13/16
  3580 | D:4      | Noticed Sigmund
  3642 | D:4      | Reached skill level 5 in Fire Magic
  3646 | D:3      | Reached skill level 6 in Spellcasting
  3648 | D:3      | Reached skill level 1 in Fighting
  3875 | D:4      | Killed Sigmund
  3929 | D:3      | Reached XP level 7. HP: 2/38 MP: 0/18
  3940 | D:3      | HP: 2/57 [poisoned by a worker ant]
  4382 | D:4      | Found a sacrificial altar of Ru.
  4535 | D:4      | Reached skill level 7 in Spellcasting
  4814 | D:4      | Reached ** piety under Sif Muna
  5006 | D:4      | Reached XP level 8. HP: 36/45 MP: 7/21
  5154 | D:4      | Learned a level 4 spell: Sticky Flame
  5155 | D:5      | Entered Level 5 of the Dungeon
  5155 | D:5      | Found Wali's Gadget Shop.
  5291 | D:5      | Found a burning altar of Makhleb.
  5593 | D:5      | Found Niyler's Distillery.
  5894 | D:5      | Found Jioschot's General Store.
  5927 | D:5      | Found Otzewn's Distillery.
  6317 | D:5      | Reached skill level 8 in Spellcasting
  6317 | D:5      | Reached skill level 5 in Conjurations
  6867 | D:6      | Reached skill level 9 in Spellcasting
  6948 | D:6      | HP: 2/45 [centaur zombie (4)]
  6951 | D:6      | Reached XP level 9. HP: 11/49 MP: 1/24
  7282 | D:6      | Got a jewelled leather armour
  7722 | D:7      | Reached *** piety under Sif Muna
  7884 | D:7      | Identified the +1 leather armour of Casautre {rF- rC+ Int-4
                  | Dex+7} (You took it off an orc on level 6 of the Dungeon)
  8005 | D:7      | Found a staircase to the Ecumenical Temple.
  8022 | Temple   | Entered the Ecumenical Temple
  8059 | Temple   | Fell from the grace of Sif Muna
  8059 | Temple   | Became a worshipper of Vehumet
  8228 | D:7      | Found a glowing golden altar of the Shining One.
  8238 | D:7      | Noticed Prince Ribbit
  8252 | D:7      | Killed Prince Ribbit
  8454 | D:7      | Reached skill level 10 in Spellcasting
  8493 | D:7      | Noticed Pikel
  8500 | D:7      | Killed Pikel
  9297 | D:8      | Noticed a seven-headed hydra
  9323 | D:8      | Noticed a troll
  9334 | D:8      | Slain by a seven-headed hydra

Skill      XL: |  1  2  3  4  5  6  7  8  9 |
---------------+----------------------------+-----
Dodging        | 3 4 |  4.8
Fire Magic     | 4 5 6 7 8 |  8.7
Spellcasting   | 4 5 6 7 9 10 | 10.9
Conjurations   | 2 3 4 5 7 |  7.7
Stealth        | 3 |  3.0
Fighting       | 1 2 3 |  3.1
Short Blades   | |  0.5

Action                   |  1- 3 |  4- 6 |  7- 9 || total
-------------------------+-------+-------+-------++-------
Melee: Dagger            |     5 |       |    10 ||    15
 Cast: Flame Tongue      |    66 |   119 |   173 ||   358
       Throw Flame       |     8 |    30 |    74 ||   112
       Conjure Flame     |       |     2 |     4 ||     6
       Sticky Flame      |       |       |     5 ||     5
  Use: Potion            |       |       |     2 ||     2
       Scroll            |       |       |     7 ||     7
  Eat: Chunk             |     2 |    20 |    17 ||    39
Armor: Robe              |     5 |    13 |    26 ||    44
Dodge: Dodged            |    20 |    49 |   100 ||   169
